 Dungeon Crawl Stone Soup version 0.17-a0-1637-g5d65775 (console) character file.

2879 utis the Protected (level 9, -6/57 HPs)
             Began as a Tengu Fighter on Aug 7, 2015.
             Was an Initiate of Vehumet.
             Killed from afar by an electric eel (10 damage)
             ... with a bolt of electricity
             ... on level 6 of the Dungeon.
             The game lasted 00:29:47 (10634 turns).

utis the Protected (Tengu Fighter)                 Turns: 10634, Time: 00:29:47

Health: -6/57      AC: 11    Str: 16    XL:     9   Next: 76%
Magic:  10/10      EV: 15    Int: 11    God:    Vehumet [......]
Gold:   91         SH:  0    Dex: 15    Spells: 0 memorised, 8 levels left

rFire  . . .     SeeInvis .     a - +3 trident (flame)
rCold  . . .     Clarity  .     R - +1 ring mail {rPois}
rNeg   . . .     SustAt   +     (no shield)
rPois  +         Gourm    .     (helmet restricted)
rElec  .         Spirit   .     w - +2 cloak
rCorr  .         Warding  .     (no gloves)
rMut   .         Stasis   .     (boots unavailable)
MR     .....                    (no amulet)
Stlth  +.........               (no ring)
                                h - ring of sustain attributes

@: not resistant to hostile enchantments, very unstealthy
A: beak, talons 3, able to fly 1
a: Fly, Renounce Religion


You were on level 6 of the Dungeon.
You worshipped Vehumet.
Vehumet was noncommittal.
You were not hungry.

You visited 2 branches of the dungeon, and saw 7 of its levels.

You collected 340 gold pieces.
You spent 249 gold pieces at shops.

Inventory:

Hand weapons
 a - a +3 trident of flaming (weapon)
 b - a +0 hunting sling
 u - a +0 quarterstaff
 C - a +1 dagger of venom {=f}
 K - a +0 trident
 Q - a +0 halberd
Missiles
 f - a throwing net {=f}
 l - 104 stones (quivered)
 o - 41 poisoned needles
 q - 5 curare-tipped needles {=f}
 y - 42 sling bullets
 B - 10 poisoned sling bullets
 O - 9 tomahawks
Armour
 c - a +0 shield
 k - a +1 scale mail
 n - a cursed +0 pair of boots
 w - a +2 cloak (worn)
 J - a +2 pair of boots
 R - a +1 ring mail of poison resistance (worn)
Jewellery
 h - a ring of sustain attributes (left hand)
Magical devices
 m - a wand of polymorph (9)
 v - a wand of magic darts (6)
 D - a wand of disintegration (10)
Scrolls
 g - a scroll of amnesia
 j - 3 scrolls of recharging
 p - 2 scrolls of magic mapping {unknown}
 r - 2 scrolls of enchant armour
 t - 4 scrolls of teleportation {!r}
 z - 2 scrolls of fog {unknown}
 E - a scroll of enchant weapon {unknown}
 F - a scroll of random uselessness {unknown}
 H - a scroll of remove curse
 I - a scroll of noise {unknown}
 M - a scroll of blinking {!r}
Potions
 d - a potion of might
 s - a potion of brilliance
 x - a potion of invisibility
 G - 2 potions of agility
 N - a potion of mutation {unknown}
Comestibles
 e - 5 bread rations
 i - 5 meat rations
 A - 4 fruits
 P - 6 chunks of flesh


   Skills:
 + Level 7.4 Fighting
 + Level 7.1 Polearms
 + Level 8.0 Armour
 + Level 7.1 Dodging
 - Level 3.0 Shields


You had 8 spell levels left.
You didn't know any spells.

Dungeon Overview and Level Annotations

Branches:
Dungeon (6/15)             Temple (1/1) D:6

Altars:
Ashenzari
Cheibriados
Dithmenos
Elyvilon
Fedhas
Gozag
Makhleb
Okawaru
Qazlal
Ru
Trog
Vehumet
Yredelemnul
Zin

Shops:
D:6 **


Innate Abilities, Weirdness & Mutations

You have a beak for a mouth.
You have claws for feet.
You can fly.


Message History

The electric eel shoots out a bolt of lightning at you!
The bolt of electricity hits you!
* * * LOW HITPOINT WARNING * * *
The bolt of electricity hits you!
* * * LOW HITPOINT WARNING * * *
You puncture the electric eel! You burn the electric eel.
Your kick misses the electric eel.
The electric eel is almost dead.
You barely miss the electric eel. You claw the electric eel.
The electric eel is almost dead.
The electric eel shoots out a bolt of lightning at you!
The bolt of electricity hits you!
* * * LOW HITPOINT WARNING * * *
The bolt of electricity hits you!
* * * LOW HITPOINT WARNING * * *
You barely miss the electric eel. Your peck misses the electric eel.
The electric eel is almost dead.
The electric eel shoots out a bolt of lightning at you!
The bolt of electricity hits you!
You die...

≈...▓▓.....≈≈≈..▓▓.▓ ▓)▓▓▓.....
... ▓▓......≈≈....▓ ▓.▓▓▓..... ..
▓▓......≈....▓ ▓......... . ▓
▓▓..➘........▓ ▓.▓▓......
..▓''▓............▓ ▓.........
........▓▓.......▓▓▓▓▓▓.▓......
▓......▓▓▓▓..≈....<..▓▓.▓......
'...... ▓▓.≈........▓.▓▓.....
'...... ▓▓.≈Q..........▓.....
▓gS.... ▓▓➘.;.........▓.▓▓....
....... ▓.€.≈...........▓▓▓...
..▓''▓.......≈...........▓▓▓▓..
...▓▓..▓▓......≈..........).▓▓...
...▓▓ ▓▓......≈.......>.▓▓)▓▓...
≈≈..▓▓ ▓......≈≈.........▓▓.▓....
.≈≈..▓▓...≈≈≈≈≈.........▓▓▓......
..≈g.... ≈≈............▓▓▓▓......


You could see an electric eel.

Vanquished Creatures
  A wolf (D:6)
  The ghost of Chiseanne the Magician, an average DsWn (D:3)
  An ice beast (D:5)
  A sky beast (D:5)
  4 phantoms
  An orc warrior (D:5)
  2 black bears (D:6)
  A wasp (D:6)
  2 centaurs (D:5)
  4 ogres
  2 gnoll sergeants (D:6)
  A scorpion (D:5)
  A giant frog zombie (D:6)
  A jelly (D:5)
  A centaur zombie (D:6)
  A gnoll shaman (D:6)
  7 hounds
  4 orc wizards
  A giant frog skeleton (D:6)
  5 worker ants
  A hound zombie (D:5)
  9 adders
  22 gnolls
  An ooze (D:1)
  4 worms
  4 adder skeletons
  25 orcs
  4 giant cockroaches
  9 goblins
  7 hobgoblins
  4 jackals
  5 kobolds
  7 quokkas
  5 bats
  2 giant gecko skeletons
  4 giant newts
  A jackal skeleton (D:4)
  A quokka skeleton (D:4)
  A quokka zombie (D:6)
  8 rats
166 creatures vanquished.

Notes
Turn   | Place    | Note
--------------------------------------------------------------
     0 | D:1      | utis the Tengu Fighter began the quest for the Orb.
     0 | D:1      | Reached XP level 1. HP: 14/14 MP: 2/2
   246 | D:1      | Reached XP level 2. HP: 16/19 MP: 3/3
  1023 | D:2      | Reached XP level 3. HP: 19/23 MP: 4/4
  1122 | D:1      | Reached skill level 4 in Polearms
  1315 | D:2      | Found a faded altar to an unknown god.
  1394 | D:2      | Reached XP level 4. HP: 21/28 MP: 5/5
  1667 | D:2      | Found a white marble altar of Elyvilon.
  2375 | D:3      | shit
  2387 | D:3      | Reached skill level 5 in Polearms
  2803 | D:3      | Noticed Chiseanne's ghost (average DsWn)
  2882 | D:3      | Killed Chiseanne's ghost
  2882 | D:3      | Reached skill level 1 in Dodging
  2882 | D:3      | Gained mutation: You can fly. [Tengu growth]
  2882 | D:3      | Reached XP level 5. HP: 32/32 MP: 6/6
  3225 | D:4      | Reached XP level 6. HP: 23/38 MP: 4/7
  3518 | D:4      | Noticed a phantom
  3557 | D:4      | Killed a phantom
  3733 | D:4      | Noticed an ogre
  3744 | D:4      | Killed an ogre
  3744 | D:4      | Reached XP level 7. HP: 42/44 MP: 8/8
  3853 | D:4      | Noticed an ogre
  3863 | D:4      | Killed an ogre
  3863 | D:4      | Reached skill level 5 in Armour
  4605 | D:5      | Entered Level 5 of the Dungeon
  4614 | D:5      | Reached skill level 5 in Fighting
  4639 | D:5      | Found a shattered altar of Ashenzari.
  5265 | D:5      | Reached XP level 8. HP: 40/49 MP: 5/9
  5771 | D:5      | Reached skill level 6 in Armour
  5826 | D:5      | Reached skill level 5 in Dodging
  6908 | D:6      | Found a staircase to the Ecumenical Temple.
  7605 | D:5      | Reached XP level 9. HP: 47/56 MP: 10/10
  7793 | D:6      | Reached skill level 7 in Armour
  9057 | D:6      | Found Vebivahy's General Store.
  9061 | D:6      | Bought a potion of heal wounds for 55 gold pieces
  9061 | D:6      | Bought a scroll of teleportation for 33 gold pieces
  9074 | D:6      | Found Ywiogett's General Store.
  9078 | D:6      | Bought a scroll of blinking for 105 gold pieces
  9078 | D:6      | Bought a potion of agility for 56 gold pieces
  9527 | Temple   | Entered the Ecumenical Temple
  9624 | Temple   | Became a worshipper of Vehumet
 10555 | D:6      | Reached skill level 8 in Armour
 10634 | D:6      | Killed from afar by an electric eel

Vault maps used:
D:1:      saegor_arrival_simple_f
D:2:      lemuel_doored_altar, ecumenical_altar_1
D:3:      first_bread
D:4:      minmay_opposing_rooms
D:5:      lemuel_crystal_altar
D:6:      amethyst_overflow_temple_binary, serial_gnoll_camp,
          gnoll_camp_mini_shop, gnoll_camp_huts_moat, gnoll_camp_mini_hut,
          gnoll_camp_mini_basic, gnoll_camp_mini_shop
Temple:   circular_temple_12

Action                   |  1- 3 |  4- 6 |  7- 9 || total
-------------------------+-------+-------+-------++-------
Melee: Trident           |    92 |   106 |   370 ||   568
       Halberd           |       |       |   134 ||   134
 Fire: Hunting sling     |    21 |    31 |    19 ||    71
Throw: Stone             |    18 |    20 |   103 ||   141
 Abil: Fly               |       |     4 |    44 ||    48
Evoke: Wand              |       |       |     3 ||     3
  Use: Scroll            |     3 |     5 |     4 ||    12
       Potion            |       |     1 |     2 ||     3
  Eat: Chunk             |     2 |     6 |    27 ||    35
       Beef jerky        |       |     1 |       ||     1
       Pizza             |       |       |     1 ||     1
